 Dungeon Crawl Stone Soup version 0.19-a0-28-g8794423 (webtiles) character file.

1708 Minkie the Thaumaturge (level 8, -2/41 HPs)
             Began as a Deep Elf Summoner on May 1, 2016.
             Was a Believer of Sif Muna.
             Killed from afar by an orc wizard (4 damage)
             ... with a puff of flame
             ... on level 7 of the Dungeon.
             The game lasted 00:44:45 (9158 turns).

Minkie the Thaumaturge (Deep Elf Summoner)          Turns: 9158, Time: 00:44:45

Health: -2/41      AC:  5    Str:  5    XL:     8   Next: 73%
Magic:  3/24       EV: 16    Int: 23    God:    Sif Muna [**....]
Gold:   350        SH:  0    Dex: 15    Spells: 3 memorised, 20 levels left

rFire  + . .     SeeInvis +     e - +0 short sword
rCold  . . .     Gourm    .     y - +1 robe {rF+}
rNeg   . . .     Faith    .     (no shield)
rPois  .         Spirit   .     (no helmet)
rElec  .         Dismiss  .     l - +1 cloak
rCorr  .         Reflect  .     (no gloves)
SustAt .         Harm     .     (no boots)
MR     .....                    (no amulet)
Stlth  ++........               D - +3 ring of evasion
                                n - ring of see invisible

@: not resistant to hostile enchantments, unstealthy
A: no striking features
a: Channel Energy, Renounce Religion


You were on level 7 of the Dungeon.
You worshipped Sif Muna.
Sif Muna was pleased with you.
You were not hungry.

You visited 2 branches of the dungeon, and saw 8 of its levels.
You also visited: Sewer.

You collected 350 gold pieces.

Inventory:

Hand Weapons
 e - a +0 short sword (weapon)
Armour
 l - a +1 cloak (worn)
 y - a +1 robe of fire resistance (worn)
Jewellery
 n - a ring of see invisible (left hand)
 t - an uncursed ring of fire
 x - an uncursed ring of stealth
 D - a +3 ring of evasion (right hand)
 H - an uncursed ring of positive energy
Wands
 A - a wand of lightning (6/15)
Scrolls
 a - a scroll of noise {unknown}
 d - a scroll of identify
 g - 3 scrolls of teleportation {unknown}
 h - a scroll of immolation {unknown}
 i - a scroll of enchant weapon {unknown}
 k - 8 scrolls of remove curse {unknown}
 m - 2 scrolls of enchant armour {unknown}
 r - a scroll of recharging {unknown}
 s - a scroll of amnesia {unknown}
 w - a scroll of magic mapping {unknown}
 C - a scroll of fog {unknown}
 G - a scroll of random uselessness {unknown}
 I - a scroll of vulnerability {unknown}
Potions
 f - 2 potions of heal wounds
 j - 6 potions of curing
 o - 2 potions of magic
 p - a potion of resistance
 u - 4 potions of flight
 v - a potion of brilliance
 E - a potion of agility
Books
 b - a book of Callings

   Spells                             Type                      Level
   a - Summon Small Mammal            Summoning                    1
   b - Call Imp                       Summoning                    2
   c - Call Canine Familiar           Summoning                    3
   d - Summon Guardian Golem          Hexes/Summoning              3
   e - Summon Lightning Spire         Summoning/Air                4
   f - Summon Ice Beast               Ice/Summoning                4
Comestibles
 c - 6 bread rations
 q - 2 fruits
 z - 3 meat rations
 B - 2 slices of pizza
 F - 2 chunks of flesh


   Skills:
 - Level 2.4 Dodging
 - Level 2.4 Stealth
 + Level 10.0 Spellcasting
 + Level 9.3 Summonings
 - Level 4.0 Ice Magic


You had 20 spell levels left.
You knew the following spells:

 Your Spells              Type           Power        Failure   Level  Hunger
a - Summon Small Mammal   Summ           ####         1%          1    None
b - Call Imp              Summ           ######..     1%          2    None
c - Summon Ice Beast      Ice/Summ       #####...     4%          4    #......


Dungeon Overview and Level Annotations

Branches:
Dungeon (7/15)             Temple (1/1) D:4

Altars:
Ashenzari
Cheibriados
Dithmenos
Fedhas
Kikubaaqudgha
Makhleb
Nemelex Xobeh
Okawaru
Pakellas
Qazlal
Ru
Sif Muna
Trog
Vehumet
Xom
Yredelemnul
Zin
The Shining One

Shops:
D:6 *


Message History

The electric eel shoots out a bolt of lightning at you!
The bolt of electricity hits your ice beast.
Your ice beast dies!
The bolt of electricity hits your ice beast.
Your ice beast dies!
The bolt of electricity hits you!
* * * LOW HITPOINT WARNING * * *
Your ice beast hits the electric eel.
Your ice beast freezes the electric eel!
The electric eel seems to slow down.
The electric eel dies!
An electric eel comes into view.
The orc wizard points at you and mumbles some strange words.
You easily resist.
The electric eel shoots out a bolt of lightning at you!
The bolt of electricity hits you!
* * * LOW HITPOINT WARNING * * *
The orc wizard gestures at you while chanting.
The puff of flame hits you! You resist.
You die...

#.......'...........#
#.......#...........#
#.......#...........#
#.......#...........#
#.......#...........#
'.......#..##>......#
#.......#..##.......#
..≈..≈.≈≈≈≈.≈≈......#
≈≈≈.≈≈≈≈≈≈≈≈≈≈≈÷@...#
♣♣≈.≈♣♣♣≈.≈♣♣♣≈≈..(.#
≈.≈♣ ♣≈≈....# ≈.≈♣
≈♣♣♣≈≈.o..# ≈ ≈≈≈≈
≈≈≈≈≈≈≈o...# ..
≈≈≈≈≈≈.Y(..# ≈≈
≈≈≈≈≈≈.))..#
;≈♣♣♣≈.....# .≈
♣≈)....#


You could see 2 orc wizards and a friendly ice beast.

Vanquished Creatures
  A hound (D:3)
  An orc priest (D:4)
  A giant gecko (D:3)
  A ball python (D:1)
  A giant cockroach (D:1)
  A hobgoblin (D:1)
  A jackal (D:1)
  3 kobolds (D:1)
  4 bats
  A giant newt (D:1)
  6 rats
21 creatures vanquished.

Vanquished Creatures (collateral kills)
  Sigmund (D:4)
  A human (D:4)
  Edmund (D:4)
  A water moccasin (D:7)
  2 orc warriors
  An ice beast (D:6)
  3 ogres
  3 sky beasts (D:5)
  A big kobold (Sewer)
  3 giant frogs
  2 scorpions
  6 electric eels (D:7)
  3 crimson imps
  A howler monkey (D:6)
  5 hounds (D:5)
  4 orc priests
  A human zombie (D:4)
  10 orc wizards
  A centaur skeleton (D:4)
  An iron imp (D:5)
  An iguana (D:7)
  11 worker ants
  5 adders
  3 gnolls (D:4)
  2 river rats (Sewer)
  An ooze (D:2)
  2 adder zombies
  An adder skeleton (D:5)
  3 worms
  4 dart slugs
  6 giant geckos
  13 orcs
  3 bats
  6 giant cockroaches
  10 goblins
  6 hobgoblins
  18 jackals
  4 quokkas
  A ball python (D:4)
  4 giant newts
  A goblin zombie (D:4)
  11 kobolds
  A kobold skeleton (D:4)
  A quokka zombie (D:5)
  8 rats
177 creatures vanquished.

Grand Total: 198 creatures vanquished

Notes
Turn   | Place    | Note
--------------------------------------------------------------
     0 | D:1      | Minkie the Deep Elf Summoner began the quest for the Orb.
     0 | D:1      | Reached XP level 1. HP: 10/10 MP: 6/6
   491 | D:1      | Reached XP level 2. HP: 15/15 MP: 4/8
   785 | D:1      | Learned a level 2 spell: Call Imp
  1161 | D:1      | Reached skill level 5 in Summonings
  1573 | D:2      | Reached XP level 3. HP: 19/19 MP: 7/10
  1586 | D:2      | Found an oddly glowing altar of Pakellas.
  1765 | D:2      | Found a glowing golden altar of the Shining One.
  1930 | D:2      | Reached skill level 4 in Spellcasting
  2495 | D:3      | Found a glowing drain.
  2534 | Sewer    | Entered a sewer
  2560 | Sewer    | Reached XP level 4. HP: 23/24 MP: 6/12
  2579 | Sewer    | Learned a level 4 spell: Summon Ice Beast
  2658 | Sewer    | Noticed a big kobold
  2693 | Sewer    | Killed a big kobold
  2693 | Sewer    | Reached skill level 1 in Ice Magic
  2773 | Sewer    | Found a glowing silver altar of Zin.
  3169 | D:3      | Reached skill level 5 in Spellcasting
  3321 | D:3      | Found a burning altar of Makhleb.
  3327 | D:3      | Reached XP level 5. HP: 17/28 MP: 14/14
  3802 | D:3      | Found a bloodstained altar of Trog.
  4407 | D:4      | Noticed Sigmund
  4713 | D:4      | Killed Sigmund
  4713 | D:4      | Reached XP level 6. HP: 32/32 MP: 4/16
  4806 | D:4      | Found a shimmering altar of Xom.
  4842 | D:4      | Reached skill level 6 in Spellcasting
  4896 | D:4      | Found a staircase to the Ecumenical Temple.
  4915 | Temple   | Entered the Ecumenical Temple
  5131 | D:4      | Found a runed door.
  5131 | D:4      | Noticed a human
  5133 | D:4      | Found a basalt altar of Yredelemnul.
  5331 | D:4      | Killed a human
  5651 | D:4      | Reached XP level 7. HP: 36/36 MP: 8/18
  6138 | D:4      | Noticed Edmund
  6153 | D:4      | Killed Edmund
  6343 | D:4      | Found a deep blue altar of Sif Muna.
  6346 | D:4      | Found an iron altar of Okawaru.
  6349 | D:4      | Became a worshipper of Sif Muna the Loreminder
  6382 | D:5      | Entered Level 5 of the Dungeon
  6462 | D:5      | Reached skill level 7 in Spellcasting
  6902 | D:5      | Reached skill level 8 in Spellcasting
  6913 | D:5      | Reached XP level 8. HP: 41/41 MP: 17/22
  6993 | D:5      | Reached * piety under Sif Muna
  7115 | D:5      | Found a snail-covered altar of Cheibriados.
  7780 | D:6      | Found a snail-covered altar of Cheibriados.
  7889 | D:6      | Found a shadowy altar of Dithmenos.
  7916 | D:6      | Found Zin's Purification Station.
  7918 | D:6      | Found a glowing silver altar of Zin.
  8013 | D:6      | Reached skill level 9 in Spellcasting
  9148 | D:7      | Reached ** piety under Sif Muna
  9154 | D:7      | Reached skill level 10 in Spellcasting
  9157 | D:7      | HP: 2/41 [electric eel/bolt of electricity (6)]
  9158 | D:7      | Killed from afar by an orc wizard

Vault maps used:
D:1:      minmay_arrival_floating_metal
D:2:      kennysheep_six_static_rooms, grunt_pakellas_mercury,
          old_standard_altar
D:3:      lemuel_round_altar, makhleb_blood_cavern_becter, gup_sewer_entry_pipe
D:4:      overflow_temple_1_default, minitemple, temple_pool_b, first_bread,
          dk_yredelemnul_ordeal, uniq_sigmund, uniq_edmund
D:5:      chei_slow_surprise
D:6:      kennysheep_little_box, zin_purify, grunt_dithmenos_smoke
D:7:      kennysheep_boxes
Temple:   minmay_temple_curvy_8
Sewer:    sewer_kobolds

Skill      XL: |  1  2  3  4  5  6  7  8 |
---------------+-------------------------+-----
Summonings     | 5 6 8 9 |  9.3
Spellcasting   | 4 5 6 8 10 | 10.0
Ice Magic      | 1 2 3 4 |  4.0
Dodging        | |  2.4
Stealth        | |  2.4

Action                   |  1- 3 |  4- 6 |  7- 9 || total
-------------------------+-------+-------+-------++-------
Melee: Unarmed           |    16 |       |       ||    16
       Short sword       |    69 |    41 |    21 ||   131
 Cast: Summon Small Mamm |    24 |       |       ||    24
       Call Imp          |    33 |    18 |    12 ||    63
       Summon Ice Beast  |       |    22 |    56 ||    78
  Use: Scroll            |       |       |     7 ||     7
       Potion            |       |       |     2 ||     2
 Stab: Sleeping          |     2 |     3 |       ||     5
       Distracted        |       |     1 |       ||     1
  Eat: Chunk             |     6 |    11 |    14 ||    31
       Pizza             |       |     1 |       ||     1
Armor: Robe              |    23 |    10 |    14 ||    47
Dodge: Dodged            |   103 |    45 |    25 ||   173
